 Dungeon Crawl Stone Soup version 0.29.1-15-g9cfb28693d (webtiles) character file.

Game seed: 7631301764180108325

8 javelincjr the Magician (level 2, 0/21 HPs)
             Began as a Djinni Conjurer on Mar 10, 2023.
             Was an Initiate of Ashenzari.
             Slain by a goblin
             ... wielding a +0 dagger
             ... led by Robin
              (2 damage)
             ... on level 2 of the Dungeon.
             The game lasted 00:02:28 (1004 turns).

javelincjr the Magician (Djinni Conjurer)           Turns: 1004, Time: 00:02:29

Health: 0/21       AC:  2    Str:  6    XL:     2   Next: 15%
Gold:   35         EV: 12    Int: 19    God:    Ashenzari [......] SH:  0 Dex: 11

rFire   + + +      SeeInvis .   l - +0 sling
rCold   x . .      Faith    .   (no shield)
rNeg    . . .      Spirit   .   a - +0 robe "Distant Negligence" {Cun, Range} (curse)
rPois   ∞          Reflect  .   (no helmet)
rElec   .          Harm     .   (no cloak)
rCorr   .          Rampage  .   (no gloves)
Will    .....                   (boots unavailable)
Stlth   ++........              (no amulet)
HPRegen 0.07/turn               e - ring of protection from fire
MPRegen 0.00/turn               (no ring)

@: flying
A: sickness immunity, fire resistance 2, cold vulnerability 1, float, innate
caster, HP casting, extra vitality 1
a: Renounce Religion, Shatter the Chains


You were on level 2 of the Dungeon.
You worshipped Ashenzari.
Ashenzari was noncommittal.
You visited 1 branch of the dungeon, and saw 2 of its levels.

You collected 35 gold pieces.

Inventory:

Hand Weapons
 k - a +0 spear
 l - a +0 sling (weapon)
Armour
 a - the cursed +0 robe "Distant Negligence" (worn) {Cun, Range}

   It has a curse which improves the following skills: Cunning: Dodging and
   Stealth.
   Ranged Combat: Ranged Weapons and Throwing.
Jewellery
 e - a ring of protection from fire (left hand)
Scrolls
 d - a scroll of acquirement {unknown}
 g - 2 scrolls of amnesia {unknown}
 i - a scroll of poison {unknown}
 j - a scroll of butterflies {unknown}
Potions
 b - a potion of degeneration {unknown}
 c - 2 potions of curing {unknown}
 f - a potion of attraction {unknown}
 h - a potion of brilliance {unknown}


   Skills:
 + Level 2.5(2.9) Dodging
 + Level 1.9(2.2) Stealth
 + Level 3.3 Spellcasting


You couldn't memorise any spells.
You knew the following spells:

 Your Spells              Type           Power      Damage    Failure   Level
a - Magic Dart            Conj           64%        1d6       3%          1
b - Searing Ray           Conj           32%        2d5       5%          2
c - Dazzling Flash        Conj/Hex       32%        N/A       11%         3
d - Fulminant Prism       Conj/Hex       8%         3d7       36%         4
e - Iskenderun's Mystic   Conj/Tloc      16%        2d5       36%         4
Your spell library was empty.

Dungeon Overview and Level Annotations

Branches:
Dungeon (2/15)

Altars:
Ashenzari

Annotations:
D:2 Robin


Innate Abilities, Weirdness & Mutations

You are immune to sickness and miasma.
You are immune to poison.
Your flesh is very heat resistant. (rF++)
You are vulnerable to cold. (rC-)
You float through the air rather than walking.
You learn spells naturally, not from books.
Your magical power is your life essence.
You have superior vitality. (+4 MHP)


Message History

The sling bullet misses the goblin.
Fire: l) +0 sling
Press: ? - help, Q - select action, (/) - cycle Shift-Dir - straight line, f/p - goblin
Aim: a goblin, wielding a +0 dagger (moderately wounded, 40% to hit)
You shoot a sling bullet.
The sling bullet closely misses the goblin.
A goblin comes into view. It is wielding a +0 dagger.
The adder bites you.
Fire: l) +0 sling
Press: ? - help, Q - select action, (/) - cycle Shift-Dir - straight line, f/p - goblin
Aim: a goblin, wielding a +0 dagger (moderately wounded, 40% to hit)
You shoot a sling bullet.
The sling bullet barely misses the goblin.
The goblin shouts!
You hear a shout!
The adder closely misses you.
Robin of the Strong Arm comes into view.
They are wielding a +0 mace.
The adder barely misses you.
The goblin hits you with a +0 dagger. x2
A goblin comes into view. It is wielding a +0 dagger.
Robin moves out of view.
The goblin shouts!
Fire: l) +0 sling
Press: ? - help, Q - select action, (/) - cycle Shift-Dir - straight line, f/p - goblin
Aim: a goblin, wielding a +0 dagger (moderately wounded, 40% to hit)
You shoot a sling bullet. The sling bullet misses the goblin.
You hear a shout!
The adder bites you.
A goblin comes into view. It is wielding a +0 dagger.
The goblin hits you with a +0 dagger. x2
A goblin comes into view. It is wielding a +0 club.
The adder closely misses you.
Casting: Magic Dart (safe; 3% risk of failure)
Confirm with . or Enter, or press ? or * to list all spells.
You aren't experienced enough to cast this spell.
The goblin hits you with a +0 dagger.
* * * LOW HITPOINT WARNING * * *
The goblin hits you with a +0 dagger.
* * * LOW HITPOINT WARNING * * *
The goblin hits you with a +0 dagger.
You die...

....#.##......
.............
.♣......#.g.
.........g.
....>...g. ###
....g.g
.....##gg.####.
.......@g......
##....##S.##.#.
#... ...). ....
.....# ##.
.....# ..
.....# #
....... .......


You could see Robin, an adder and 7 goblins.

Vanquished Creatures
  A dart slug (D:1)
  3 ball pythons (D:1)
  A bat (D:1)
  A frilled lizard (D:1)
6 creatures vanquished.

Notes
Turn   | Place    | Note
-------+----------+-------------------------------------------
     0 | D:1      | javelincjr the Djinni Conjurer began the quest for the Orb.
     0 | D:1      | javelincjr set off with the following spells memorised:
                  | Magic Dart, Searing Ray, Dazzling Flash, Fulminant Prism,
                  | Iskenderun's Mystic Blast.
     0 | D:1      | Reached XP level 1. HP: 15/15 MP: 0/0
   468 | D:1      | Reached XP level 2. HP: 18/21 MP: 0/0
   573 | D:1      | Noticed a shining eye
   575 | D:1      | Found a faded altar of an unknown god.
   577 | D:1      | Noticed an eye of devastation
   577 | D:1      | Noticed a great orb of eyes
   577 | D:1      | Noticed a shining eye
   756 | D:1      | Prayed at the altar of an unknown god.
   756 | D:1      | Became a worshipper of Ashenzari the Shackled
  1002 | D:2      | Noticed Robin
  1004 | D:2      | Slain by a goblin

Illustrated notes

Levels and vault maps discovered:
D:1:      matt_arrival_diagonals, layout_basic,
          hellmonk_ecumenical_altar_watching_god
D:2:      layout_basic, serial_forest, infiniplex_forest_clump_diagonal,
          infiniplex_forest_straight_4, infiniplex_forest_lined_1,
          infiniplex_forest_lined_corner, infiniplex_forest_lined_1,
          infiniplex_forest_straight_2, infiniplex_forest_lined_2,
          minmay_goblin_kobold_house, uniq_robin

Action                   || total
-------------------------++-------
Melee: Spear             ||     8
 Fire: Sling             ||     6
 Cast: Magic Dart        ||    10
Invok: Curse Item        ||     1
Armor: Robe              ||     3
Dodge: Dodged            ||    18
